General information
- name: BNet
- type: Ladder team game (AT/RT)
- host: Battle.net
- saver: khr8098i
map: Deathknell
- players: 8
- length: 25:26
- speed: Fast
- version: 1.27 W3XP
- replay type: Public
» download(171 KB)
Players
team 1 (winner)

»
HoHoHos (
green | 69 APM | 1767 actions | 25:25)
6 Archmage
3 Summon Water Elemental
2 Brilliance Aura
1 Mass Teleport
4 Paladin
2 Holy Light
2 Devotion Aura
4 Mountain King
2 Storm Bolt
2 Thunder Clap
» actions
| Assign group hotkey | 55 | |
| Basic commands | 297 | |
| Build / train | 93 | |
| Enter build submenu | 28 | |
| Enter hero's abilities submenu | 14 | |
| Give item / drop item | 2 | |
| Remove unit from queue | 2 | |
| Right click | 328 | |
| Select / deselect | 390 | |
| Select group hotkey | 437 | |
| Use ability | 121 | |
1767 total
» units
| Peasant | 14 | |
| Rifleman | 3 | |
| Goblin Shredder | 4 | |
| Priest | 6 | |
| Knight | 13 | |
| Siege Engine | 9 | |
| Spell Breaker | 9 | |
58 total
» upgrades
| Gunpowder | 1 | |
| Plating | 3 | |
| Swords | 3 | |
| Priest Training | 2 | |
| Animal War Training | 1 | |
| Barrage | 1 | |
11 total
» buildings
| Lumber Mill | 1 | |
| Farm | 13 | |
| Altar of Kings | 1 | |
| Blacksmith | 1 | |
| Barracks | 2 | |
| Scout Tower | 1 | |
| Arcane Tower | 1 | |
| Keep | 1 | |
| Town Hall | 3 | |
| Castle | 1 | |
| Arcane Sanctum | 1 | |
| Workshop | 2 | |
| Arcane Vault | 1 | |
29 total
» build order
00:12 Lumber Mill
00:50 Farm
00:51 Farm
01:06 Altar of Kings
01:20 Blacksmith
01:37 Barracks
01:49 Scout Tower
02:24 Farm
02:31 Arcane Tower
02:57 Farm
03:20 Keep
04:17 Town Hall
05:43 Castle
06:18 Arcane Sanctum
06:56 Barracks
06:59 Farm
07:52 Workshop
08:15 Workshop
08:57 Arcane Vault
08:59 Farm
10:20 Farm
10:20 Farm
10:22 Farm
10:57 Farm
11:31 Farm
15:54 Farm
16:01 Town Hall
24:09 Town Hall
» items

»
GGGolovkin (
purple | 80 APM | 2023 actions | 25:25)
6 Blademaster
2 Wind Walk
3 Critical Strike
1 Bladestorm
5 Shadow Hunter
2 Hex
3 Healing Wave
» actions
| Assign group hotkey | 60 | |
| Basic commands | 232 | |
| Build / train | 80 | |
| ESC pressed | 3 | |
| Enter build submenu | 24 | |
| Enter hero's abilities submenu | 11 | |
| Give item / drop item | 10 | |
| Remove unit from queue | 1 | |
| Right click | 847 | |
| Select / deselect | 181 | |
| Select group hotkey | 490 | |
| Use ability | 84 | |
2023 total
» units
» upgrades
| Ranged Weapons | 2 | |
| Envenomed Spears | 1 | |
| Armor | 1 | |
4 total
» buildings
| Altar of Storms | 3 | |
| Orc Burrow | 12 | |
| Barracks | 1 | |
| Voodoo Lounge | 2 | |
| Stronghold | 7 | |
| War Mill | 1 | |
| Beastiary | 4 | |
| Fortress | 2 | |
| Great Hall | 1 | |
33 total
» build order
00:06 Altar of Storms
00:11 Altar of Storms
00:20 Orc Burrow
00:36 Barracks
01:28 Orc Burrow
01:30 Orc Burrow
02:01 Voodoo Lounge
02:47 Stronghold
04:59 Orc Burrow
05:05 War Mill
05:38 Orc Burrow
05:40 Beastiary
05:49 Beastiary
06:36 Fortress
10:29 Orc Burrow
15:19 Great Hall
15:21 Orc Burrow
15:25 Orc Burrow
18:17 Orc Burrow
18:20 Orc Burrow
18:28 Voodoo Lounge
19:04 Stronghold
19:04 Stronghold
19:05 Stronghold
19:05 Stronghold
21:54 Altar of Storms
21:59 Beastiary
23:00 Beastiary
23:10 Orc Burrow
23:12 Orc Burrow
24:26 Fortress
» items
| Healing Salve | 7 | |
| Scroll of Speed | 2 | |
| Lesser Clarity Potion | 3 | |
| Scroll of Town Portal | 1 | |
| Orb of Lightning | 1 | |
14 total
MoOoShHh (
yellow | 39 APM | 984 actions | 25:25)
5 Death Knight
3 Death Coil
2 Unholy Aura
5 Lich
3 Frost Nova
2 Frost Armor
» actions
| Assign group hotkey | 18 | |
| Basic commands | 96 | |
| Build / train | 60 | |
| Enter build submenu | 17 | |
| Enter hero's abilities submenu | 10 | |
| Give item / drop item | 1 | |
| Remove unit from queue | 3 | |
| Right click | 276 | |
| Select / deselect | 190 | |
| Select group hotkey | 238 | |
| Use ability | 75 | |
984 total
» units
| Acolyte | 10 | |
| Ghoul | 5 | |
| Crypt Fiend | 7 | |
| Frost Wyrm | 3 | |
25 total
» upgrades
| Creature Attack | 3 | |
| Creature Carapace | 3 | |
| Web | 1 | |
| Ghoul Frenzy | 1 | |
| Freezing Breath | 1 | |
9 total
» buildings
| Graveyard | 1 | |
| Crypt | 1 | |
| Ziggurat | 9 | |
| Altar of Darkness | 1 | |
| Tomb of Relics | 1 | |
| Halls of the Dead | 2 | |
| Necropolis | 1 | |
| Black Citadel | 1 | |
| Sacrificial Pit | 1 | |
| Spirit Tower | 3 | |
| Boneyard | 3 | |
24 total
» build order
00:17 Graveyard
00:20 Crypt
00:40 Ziggurat
00:58 Altar of Darkness
01:15 Ziggurat
01:41 Tomb of Relics
05:01 Halls of the Dead
05:02 Halls of the Dead
06:02 Ziggurat
06:05 Ziggurat
06:44 Ziggurat
08:09 Necropolis
08:35 Black Citadel
09:41 Sacrificial Pit
11:26 Ziggurat
11:27 Ziggurat
11:29 Ziggurat
13:19 Spirit Tower
15:40 Spirit Tower
17:26 Boneyard
17:27 Boneyard
17:29 Boneyard
17:33 Ziggurat
19:45 Spirit Tower
» items
| Rod of Necromancy | 2 | |
| Sacrificial Skull | 2 | |
| Scroll of Town Portal | 1 | |
| Orb of Corruption | 1 | |
| Potion of Healing | 1 | |
7 total
khr8098i (
blue | 37 APM | 953 actions | 25:26)
7 Blood Mage
3 Banish
3 Flame Strike
1 Summon Phoenix
» actions
| Assign group hotkey | 22 | |
| Basic commands | 17 | |
| Build / train | 53 | |
| Enter build submenu | 17 | |
| Enter hero's abilities submenu | 7 | |
| Right click | 396 | |
| Select / deselect | 200 | |
| Select group hotkey | 145 | |
| Use ability | 96 | |
953 total
» units
» upgrades
| Gunpowder | 3 | |
| Armor | 3 | |
| Flare | 1 | |
| Fragmentation Shards | 1 | |
| Masonry | 2 | |
10 total
» buildings
| Lumber Mill | 2 | |
| Farm | 12 | |
| Blacksmith | 2 | |
| Altar of Kings | 1 | |
| Scout Tower | 1 | |
| Arcane Tower | 1 | |
| Keep | 1 | |
| Castle | 1 | |
| Workshop | 4 | |
| Town Hall | 1 | |
26 total
» build order
00:39 Lumber Mill
00:56 Lumber Mill
01:06 Farm
01:08 Blacksmith
01:12 Altar of Kings
01:18 Farm
01:51 Scout Tower
01:55 Blacksmith
02:30 Arcane Tower
03:32 Keep
03:47 Farm
03:47 Farm
03:48 Farm
03:50 Farm
03:52 Farm
04:00 Farm
04:03 Farm
04:04 Farm
04:06 Farm
05:57 Castle
06:01 Workshop
06:06 Workshop
06:10 Workshop
06:13 Workshop
06:37 Farm
19:03 Town Hall
team 2 (loser)
andy100 (
teal | 42 APM | 1078 actions | 25:25)
5 Archmage
2 Summon Water Elemental
3 Brilliance Aura
» actions
| Basic commands | 104 | |
| Build / train | 101 | |
| Enter build submenu | 36 | |
| Enter hero's abilities submenu | 5 | |
| Right click | 386 | |
| Select / deselect | 366 | |
| Use ability | 80 | |
1078 total
» units
| Peasant | 8 | |
| Rifleman | 10 | |
| Goblin Shredder | 1 | |
| Flying Machine | 2 | |
| Mortar Team | 23 | |
| Siege Engine | 11 | |
| Priest | 2 | |
| Sorceress | 2 | |
59 total
» upgrades
| Masonry | 2 | |
| Gunpowder | 1 | |
| Armor | 2 | |
| Plating | 2 | |
| Swords | 2 | |
| Flare | 1 | |
| Lumber Harvesting | 1 | |
| Barrage | 2 | |
| Fragmentation Shards | 2 | |
| Long Rifles | 1 | |
16 total
» buildings
| Altar of Kings | 1 | |
| Farm | 16 | |
| Lumber Mill | 1 | |
| Blacksmith | 1 | |
| Barracks | 1 | |
| Arcane Vault | 1 | |
| Keep | 1 | |
| Scout Tower | 5 | |
| Guard Tower | 6 | |
| Town Hall | 5 | |
| Workshop | 3 | |
| Castle | 2 | |
43 total
» build order
00:09 Altar of Kings
00:11 Farm
00:16 Lumber Mill
01:25 Blacksmith
01:34 Barracks
01:51 Farm
02:23 Arcane Vault
02:35 Farm
03:15 Farm
03:55 Farm
04:36 Farm
05:06 Keep
05:17 Farm
06:25 Farm
06:43 Scout Tower
07:24 Scout Tower
07:25 Guard Tower
07:30 Farm
08:00 Guard Tower
08:02 Scout Tower
08:25 Town Hall
08:55 Guard Tower
08:55 Guard Tower
08:59 Farm
09:09 Workshop
09:21 Scout Tower
10:30 Workshop
10:34 Guard Tower
10:38 Farm
11:19 Farm
11:50 Farm
12:12 Farm
12:45 Town Hall
13:05 Farm
13:20 Workshop
14:07 Castle
14:07 Castle
14:11 Farm
14:37 Town Hall
18:11 Town Hall
20:35 Scout Tower
21:05 Guard Tower
21:44 Town Hall
» items
| Scroll of Regeneration | 4 | |
| Scroll of Town Portal | 1 | |
| Potion of Healing | 1 | |
6 total
UnitedWeStand (
orange | 89 APM | 2030 actions | 22:49)
5 Archmage
3 Summon Water Elemental
2 Brilliance Aura
3 Paladin
1 Holy Light
1 Devotion Aura
1 Divine Shield
2 Mountain King
1 Storm Bolt
1 Bash
» actions
| Assign group hotkey | 51 | |
| Basic commands | 258 | |
| Build / train | 98 | |
| Enter build submenu | 22 | |
| Enter hero's abilities submenu | 10 | |
| Remove unit from queue | 1 | |
| Right click | 668 | |
| Select / deselect | 401 | |
| Select group hotkey | 422 | |
| Use ability | 99 | |
2030 total
» units
| Peasant | 17 | |
| Rifleman | 21 | |
| Priest | 2 | |
| Sorceress | 3 | |
| Spell Breaker | 2 | |
45 total
» upgrades
| Armor | 3 | |
| Gunpowder | 3 | |
| Long Rifles | 1 | |
| Sorceress Training | 2 | |
| Priest Training | 2 | |
| Lumber Harvesting | 1 | |
| Flak Cannons | 1 | |
| Plating | 1 | |
14 total
» buildings
| Blacksmith | 1 | |
| Barracks | 2 | |
| Farm | 12 | |
| Altar of Kings | 1 | |
| Town Hall | 1 | |
| Keep | 1 | |
| Arcane Vault | 1 | |
| Lumber Mill | 1 | |
| Scout Tower | 8 | |
| Guard Tower | 8 | |
| Castle | 3 | |
| Arcane Sanctum | 2 | |
41 total
» build order
00:37 Blacksmith
00:48 Barracks
00:50 Farm
01:13 Altar of Kings
01:30 Farm
02:11 Farm
02:37 Farm
03:27 Farm
05:06 Town Hall
05:40 Keep
05:43 Arcane Vault
05:54 Lumber Mill
07:15 Scout Tower
07:15 Scout Tower
07:16 Scout Tower
07:16 Scout Tower
07:17 Scout Tower
07:17 Scout Tower
07:17 Scout Tower
07:18 Scout Tower
07:41 Guard Tower
07:42 Guard Tower
07:42 Guard Tower
07:43 Guard Tower
07:43 Guard Tower
07:44 Guard Tower
08:20 Guard Tower
08:20 Guard Tower
08:35 Castle
08:36 Castle
09:27 Arcane Sanctum
09:31 Arcane Sanctum
10:18 Farm
10:58 Barracks
11:05 Farm
11:58 Farm
13:20 Farm
14:18 Farm
20:59 Farm
21:00 Farm
» items
| Healing Salve | 1 | |
| Orb of Fire | 1 | |
| Scroll of Town Portal | 2 | |
| Potion of Healing | 1 | |
5 total
IGOTHARPIES (
red | 25 APM | 244 actions | 09:35)
1 Archmage
1 Blizzard
» actions
| Build / train | 38 | |
| Enter build submenu | 10 | |
| Enter hero's abilities submenu | 1 | |
| Right click | 84 | |
| Select / deselect | 87 | |
| Use ability | 24 | |
244 total
» units
| Peasant | 9 | |
| Sorceress | 3 | |
| Mortar Team | 16 | |
28 total
» upgrades
| Gunpowder | 2 | |
| Sorceress Training | 1 | |
| Armor | 1 | |
| Flare | 1 | |
5 total
» buildings
| Lumber Mill | 1 | |
| Farm | 7 | |
| Altar of Kings | 1 | |
| Keep | 1 | |
| Arcane Vault | 1 | |
| Blacksmith | 1 | |
| Arcane Sanctum | 1 | |
| Workshop | 2 | |
| Castle | 1 | |
16 total
» build order
00:23 Lumber Mill
00:39 Farm
00:58 Altar of Kings
01:07 Farm
01:09 Farm
01:10 Farm
01:11 Farm
02:21 Keep
02:39 Arcane Vault
02:49 Blacksmith
03:55 Farm
03:56 Farm
04:44 Arcane Sanctum
04:53 Workshop
04:58 Workshop
08:51 Castle
» items
texas (
pink | 34 APM | 787 actions | 22:54)
4 Far Seer
2 Feral Spirit
2 Chain Lighting
3 Shadow Hunter
2 Healing Wave
1 Hex
1 Tauren Chieftain
1 Endurance Aura
» actions
| Build / train | 67 | |
| Enter build submenu | 18 | |
| Enter hero's abilities submenu | 8 | |
| Give item / drop item | 1 | |
| Remove unit from queue | 2 | |
| Right click | 276 | |
| Select / deselect | 337 | |
| Use ability | 78 | |
787 total
» units
| Peon | 9 | |
| Grunt | 7 | |
| Shaman | 9 | |
| Tauren | 8 | |
| Sorceress | 2 | |
35 total
» upgrades
| Pillage | 1 | |
| Spiked Barricades | 1 | |
| Armor | 1 | |
| Berserker Strength | 1 | |
| Shaman Training | 2 | |
| Melee Weapons | 2 | |
| Pulverize | 1 | |
9 total
» buildings
| Orc Burrow | 6 | |
| Altar of Storms | 1 | |
| Barracks | 1 | |
| War Mill | 1 | |
| Voodoo Lounge | 1 | |
| Watch Tower | 2 | |
| Stronghold | 1 | |
| Spirit Lodge | 1 | |
| Fortress | 1 | |
| Tauren Totem | 2 | |
| Great Hall | 1 | |
18 total
» build order
00:07 Orc Burrow
00:12 Altar of Storms
00:33 Barracks
01:41 Orc Burrow
01:51 War Mill
02:08 Voodoo Lounge
03:45 Watch Tower
03:47 Stronghold
04:33 Watch Tower
05:01 Orc Burrow
06:28 Spirit Lodge
06:29 Fortress
07:29 Orc Burrow
09:05 Tauren Totem
10:23 Orc Burrow
11:40 Tauren Totem
12:05 Orc Burrow
14:52 Great Hall
» items
| Healing Salve | 3 | |
| Lesser Clarity Potion | 1 | |
| Scroll of Town Portal | 1 | |
| Potion of Mana | 2 | |
| Potion of Healing | 1 | |
8 total
Chat log
(00:22 / Allies) HoHoHos: ill fast exp rifles to knight priest tanks
(00:24 / Allies) MoOoShHh: fw fiends
(00:29 / Allies) MoOoShHh: 100g if you can peez =)
(00:33 / Allies) khr8098i: im a mort assassin
(00:43 / Allies) HoHoHos: i cnt sry yellow
(00:49 / Allies) MoOoShHh: no worries
(00:51 / Allies) khr8098i: and hopefully this year i will also be an asss assassin
(05:09 / Allies) HoHoHos: shred fast coolÉ
(05:17 / Allies) HoHoHos: nvm
(06:22 / Allies) khr8098i: 4 shops on the go pumpin mort
(07:34 / Allies) khr8098i: gold pls
(07:42 / Allies) khr8098i: the mort assassin needs gold to carry out his assassination
(07:45 / Allies) khr8098i: time is of the essence
(08:20 / Allies) khr8098i: gold pls
(08:24 / Allies) khr8098i: need 5 more mort then i hit
(09:15 / Allies) khr8098i: invis mort
(09:16 / Allies) khr8098i: i got flare
(09:17 / Allies) khr8098i: kill
(09:22 / All) IGOTHARPIES: nice mh
(09:26 / All) IGOTHARPIES: sigh
(09:32 / All) IGOTHARPIES: takes fun out of games
(09:37 / All) khr8098i: lol
(09:40 / All) khr8098i: hes such a moron
(10:56 / Allies) khr8098i: coming
(10:58 / Allies) khr8098i: lets hit bot
(11:00 / Allies) khr8098i: purp attack top
(11:41 / Allies) khr8098i: no allies to back me up?
(11:44 / Allies) khr8098i: green and yellow
(11:46 / Allies) khr8098i: u guys r morons
(12:09 / Allies) khr8098i: go u pussies
(12:13 / Allies) khr8098i: u two are the biggest pussies
(12:13 / Allies) khr8098i: ever
(12:47 / Allies) khr8098i: dont tp u mroons u shudda hit
(12:52 / Allies) khr8098i: go hit yellow
(12:56 / Allies) khr8098i: dont run back u giant pussy
(12:57 / Allies) khr8098i: hit them
(13:17 / Allies) GGGolovkin: coming with pot
(13:26 / Allies) GGGolovkin: pot
(14:00 / Allies) HoHoHos: gold
(14:01 / Allies) HoHoHos: plls
(14:04 / Allies) GGGolovkin: fuck
(14:04 / Allies) khr8098i: fuck u
(14:06 / Allies) khr8098i: u giant pussy
(14:18 / Allies) HoHoHos: i gave you gold dude
(14:18 / Allies) GGGolovkin: gonna need a fast tp
(14:19 / Allies) HoHoHos: wtf
(14:21 / Allies) GGGolovkin: shit ton of morts
(17:36 / Allies) khr8098i: are u pussies doing anything
(17:39 / Allies) khr8098i: or just running back and forth
(17:49 / Allies) HoHoHos: no were winning the game
(18:01 / Allies) MoOoShHh: lol dafuq is wrong w you don't you know how to speak with respect
(18:02 / Allies) khr8098i: purp
(18:05 / Allies) khr8098i: regroup to me holy fuck
(19:13 / Allies) khr8098i: purp ur a pussy for tping out btw
(19:21 / Allies) GGGolovkin: yeah no totally for sure
(19:51 / Allies) HoHoHos: why runj
(19:53 / Allies) HoHoHos: yellow
(19:59 / Allies) khr8098i: look at this pussy running away
(20:02 / Allies) khr8098i: justfucking attack
(20:02 / Allies) GGGolovkin: prove it
(20:15 / Allies) khr8098i: people retreat way too easily
(20:22 / Allies) MoOoShHh: wait for my fiends
(20:23 / Allies) khr8098i: i see so many giant pussies on here
(20:25 / Allies) MoOoShHh: well finish them off
(20:34 / Allies) HoHoHos: duder
(20:37 / Allies) HoHoHos: fuck
(20:38 / Allies) HoHoHos: yellow
(20:43 / Allies) MoOoShHh: did you read what i said
(20:46 / Allies) khr8098i: wat the fuck is he doing
(20:54 / Allies) MoOoShHh: lets go
(20:56 / Allies) HoHoHos: he doesnt nnow
(20:58 / Allies) HoHoHos: no
(21:05 / Allies) khr8098i: u two on the bottom are literally just running back and forth
(21:47 / All) khr8098i: the mortar assassin strikes
(22:30 / Allies) khr8098i: purp leave it
(22:32 / Allies) khr8098i: attack pink
(22:37 / Allies) GGGolovkin: will do
(23:35 / Allies) MoOoShHh: were so good and doing shit ha green?
(23:36 / Allies) MoOoShHh: lol
(24:15 / Allies) khr8098i: next game u guys play
(24:19 / Allies) khr8098i: try not to be giant pussies ok
(24:34 / Allies) MoOoShHh: next game you play speak to your teamates w respect
(24:44 / Allies) HoHoHos: nor sure he care
(24:45 / Allies) MoOoShHh: instead of being a big douche bag
(24:50 / Allies) khr8098i: lol the only thing u did was run around back and forth
(24:53 / Allies) khr8098i: like a fucking retard
(24:55 / Allies) khr8098i: with down syndrome
(25:01 / Allies) MoOoShHh: we won?
(25:05 / Allies) khr8098i: u were completely irrelevant to this win yellow
(25:16 / Allies) khr8098i: if we replaced u with an afk bot
(25:18 / Allies) khr8098i: we would win
(25:18 / Allies) MoOoShHh: if you say so
(25:20 / Allies) khr8098i: as well